 Dungeon Crawl Stone Soup version 0.27-a0-1119-gbf574a6 (webtiles) character file.

Game seed: 2364212868423436128

14 Meow the Sneak (level 2, -4/22 HPs)
             Began as a Naga Venom Mage on May 2, 2021.
             Killed by nerve-wracking pain
             ... invoked by Jessica
              (12 damage)
             ... on level 2 of the Dungeon.
             The game lasted 00:02:17 (884 turns).

Meow the Sneak (Naga Venom Mage)                     Turns: 884, Time: 00:02:17

Health: -4/22      AC:  1    Str: 10    XL:     2   Next: 45%
Magic:  3/5        EV: 13    Int: 15    God:
Gold:   54         SH:  0    Dex: 11    Spells: 4/5 levels left

rFire    . . .     SeeInvis +   a - +0 mace
rCold    . . .     Faith    .   (no shield)
rNeg     . . .     Spirit   .   d - +0 robe
rPois    +         Reflect  .   (no helmet)
rElec    .         Harm     .   (no cloak)
rCorr    .         Rampage  .   (no gloves)
Will     .....                  (no barding)
Stlth    +++.......             (no amulet)
HPRegen  0.07/turn              c - +4 ring of evasion
MPRegen  0.09/turn              e - ring of flight

@: flying, slowed, very slow
A: AC +0, large, see invisible, deformed body, poison resistance, slowness 2,
spit poison 1, naga tail 1
a: Spit Poison


You were on level 2 of the Dungeon.
You visited 1 branch of the dungeon, and saw 2 of its levels.

You collected 54 gold pieces.

Inventory:

Hand Weapons
 a - a +0 mace (weapon)
 i - a +1 dagger of speed
Missiles
 b - 16 poisoned darts
 g - 18 stones
Armour
 d - a +0 robe (worn)
Jewellery
 c - a +4 ring of evasion (left hand)
 e - a ring of flight (right hand)
Scrolls
 h - a scroll of identify {unknown}
Potions
 f - a potion of invisibility {unknown}


   Skills:
 - Level 1.5 Dodging
 + Level 4.7 Stealth
 - Level 2.0 Spellcasting
 - Level 1.0 Transmutations
 - Level 4.0 Poison Magic


You had 4 spell levels left.
You knew the following spells:

 Your Spells              Type           Power      Damage    Failure   Level
a - Sting                 Tmut/Pois      36%        1d4       8%          1

Your spell library contained the following spells:

 Spells                   Type           Power      Damage    Failure   Level
 Poisonous Vapours        Pois/Air       14%        N/A       14%         2
 Ignite Poison            Fire/Tmut/Pois 6%         N/A       32%         3
 Mephitic Cloud           Conj/Pois/Air  5%         N/A       36%         3
 Olgreb's Toxic Radiance  Pois           13%        N/A       38%         4


Dungeon Overview and Level Annotations

Branches:
Dungeon (2/15)

Altars:

Annotations:
D:2 Jessica


Innate Abilities, Weirdness & Mutations

Your serpentine skin is tough. (AC +0)
You have supernaturally acute eyesight. (SInv)
Armour fits poorly on your strangely shaped body.
Your system is resistant to poisons. (rPois)
You cover ground very slowly.
You can spit poison.
You have a snake-like lower body.


Message History

The splash of poison hits the goblin!
You kill the goblin!
You have got your breath back.
You see here a +1 dagger of speed.
i - a +1 dagger of speed Jessica the Apprentice Sorceress comes into view.
She is wielding a +0 dagger.
Jessica shouts!
Jessica points at you and mumbles some strange words.
You feel yourself slow down.
Jessica casts a spell.
Jessica blinks!
Press: ? - help, Shift-Dir - straight line, f - Jessica
Aim: Jessica, wielding a +0 dagger and wearing a +0 robe The splash of poison hits Jessica.
Jessica is poisoned.
Jessica is lightly wounded.
Casting: Sting (safe; 8% risk of failure)
Confirm with . or Enter, or press ? or * to list all spells.
Aiming: Sting (safe; 8% risk of failure)
Press: ? - help, Shift-Dir - straight line, f/p - Jessica
Aim: Jessica, wielding a +0 dagger and wearing a +0 robe (lightly wounded, poisoned, 68% to hit)
The sting hits Jessica.
Jessica looks even sicker.
Jessica is moderately wounded.
Jessica drinks a potion.
Jessica seems to speed up.
Jessica looks very angry.
Casting: Sting (safe; 8% risk of failure)
Confirm with . or Enter, or press ? or * to list all spells.
Aiming: Sting (safe; 8% risk of failure)
Press: ? - help, Shift-Dir - straight line, f/p - Jessica
Aim: Jessica, wielding a +0 dagger and wearing a +0 robe (heavily wounded, fast, very poisoned, 68% to hit)
The sting hits Jessica but does no damage.
Jessica looks even sicker.
Jessica is heavily wounded.
You have got your breath back.
Jessica gestures at you while chanting. Pain shoots through your body!
Ouch! That really hurt!
Jessica points at you and mumbles some strange words.
Pain shoots through your body!
Ouch! That really hurt!
You die...

...# #..#
#..# #..#
#..#
######.@#
........#
#@# #.#
#.# #.#
#... #.#
#..# #.#
#..# #.#
#..##
##.##
#....
#####...#


You could see Jessica (fast, very poisoned).

Vanquished Creatures
  3 ball pythons (D:1)
  2 hobgoblins (D:1)
  A quokka (D:1)
  2 frilled lizards (D:1)
  2 goblins
  2 kobolds (D:1)
  3 rats (D:1)
15 creatures vanquished.

Notes
Turn   | Place    | Note
-------+----------+-------------------------------------------
     0 | D:1      | Meow the Naga Venom Mage began the quest for the Orb.
     0 | D:1      | Reached XP level 1. HP: 15/15 MP: 3/3
   243 | D:1      | Reached XP level 2. HP: 22/22 MP: 5/5
   881 | D:2      | Noticed Jessica
   884 | D:2      | Killed from afar by Jessica

Illustrated notes

Levels and vault maps discovered:
D:1:      lightli_arrival_maybe_door_vault, layout_loops_corners,
          serial_bayou_lagoon_a
D:2:      minmay_door_path, layout_loops_ring, uniq_jessica

Skill      XL: |  1 |
---------------+----+-----
Stealth        | 4 |  4.7
Dodging        | |  1.5
Spellcasting   | |  2.0
Transmutations | |  1.0
Poison Magic   | |  4.0

Action                   || total
-------------------------++-------
Melee: Mace              ||     1
 Cast: Sting             ||     7
 Abil: Spit Poison       ||    16
Dodge: Dodged            ||     3

Table legend: (Time is in decaauts)
 A = Elapsed time spent in this place.
 B = Non-inter-level travel time spent in this place.
 C = Inter-level travel time spent in this place.
 D = Time resting spent in this place.
 E = Time spent auto-exploring this place.
 F = Levels seen in this place.
 G = Mean time per level.
                   A        B        C        D        E       F      G
               +--------+--------+--------+--------+--------+-----+--------+
         Total |   1214 |   1170 |     44 |      0 |   1040 |   2 |  607.0 |
       Dungeon |   1214 |   1170 |     44 |      0 |   1040 |   2 |  607.0 |
               +--------+--------+--------+--------+--------+-----+--------+

Top non-repeatable levels by time:
     D:1: 1133 daAuts
     D:2: 81 daAuts
